[Event "*** Titled Tuesday 3|2 Blitz (Late)"]
[Site "Chess.com"]
[Date "2016.11.01"]
[Round "2"]
[White "Maitreia"]
[Black "Tarlev_Konstantin"]
[Result "1/2-1/2"]
[WhiteElo "2508"]
[BlackElo "2597"]
[TimeControl "180+2"]
[EndTime "17:22:10 PDT"]
[Termination "Game drawn by repetition"]

1. c4 Nf6 2. Nc3 e6 3. e4 d5 4. e5 d4 5. exf6 dxc3 6. dxc3 Qxf6 7. Nf3 h6 8. Bd3 Nc6 9. O-O Bd7 10. Qe2 Bd6 11.
b4 Ne5 12. Be4 Bc6 13. Bxc6+ Nxc6 14. c5 Bf4 15. Bxf4 Qxf4 16. Rad1 O-O 17. Nd4 Nxd4 18. Rxd4 Qf6 19. Rfd1 a6 20. Qe4 c6 21. Qd3 a5 22.
a3 axb4 23. axb4 Ra2 24. Qe3 Rfa8 25. h4 Ra1 26. g3 Rxd1+ 27. Rxd1 Qf5 28. Kg2 e5 29. Re1 Ra2 30. Re2 Rxe2 31. Qxe2 g6 32. Qd2 Kg7 33. Qe3 Qe6 34. Kh2 Qd5 35. Kg1 h5 36.
Kh2 Kf6 37. Qh6 Qf3 38. Qh8+ Kf5 39. Qc8+ Ke4 40. Kg1 Qd1+ 41. Kg2 Qf3+ 42. Kg1 Qd1+ 43.
Kg2 Qf3+ 44. Kg1 1/2-1/2

[Event "*** Titled Tuesday 3|2 Blitz (Late)"]
[Site "Chess.com"]
[Date "2016.11.01"]
[Round "2"]
[White "Peroncio"]
[Black "Fandorine"]
[Result "0-1"]
[WhiteElo "2506"]
[BlackElo "2651"]
[TimeControl "180+2"]
[EndTime "17:22:21 PDT"]
[Termination "Fandorine won by checkmate"]

1. e4 c6 2. d4 d5 3. exd5 cxd5 4. c4 Nf6 5. Nc3 Nc6 6. Nf3 g6 7. Qb3 Na5 8. Qd1 Nxc4 9. Bxc4 dxc4 10. Qa4+ Qd7 11.
Qxc4 Qe6+ 12. Qxe6 Bxe6 13. Nb5 Nd5 14. Bd2 a6 15.
Nc3 f6 16. Ne4 Bd7 17. Rc1 Bc6 18. O-O Kf7 19. Rfe1 Bg7 20. Nc5 Rhc8 21. a4 b6 22. Ne6 Bxa4 23. Ra1 Bd7 24. Nf4 Bc6 25. Nxd5 Bxd5 26.
Bb4 Bf8 27. Nd2 a5 28. Bc3 e6 29. f3 a4 30. Ne4 a3 31. h4 b5 32. Nc5 e5 33.
Nd3 Bc4 34. Nb4 exd4 35. Bd2 a2 36. Rec1 d3 37. Kh2 Bd6+ 38. g3 Re8 39. Bc3 Re2+ 40. Kh3 Be6+ 41. g4 Rh2# 0-1

[Event "*** Titled Tuesday 3|2 Blitz (Late)"]
[Site "Chess.com"]
[Date "2016.11.01"]
[Round "2"]
[White "Scott-fox21"]
[Black "nonscitis"]
[Result "0-1"]
[WhiteElo "2195"]
[BlackElo "2320"]
[TimeControl "180+2"]
[EndTime "17:22:29 PDT"]
[Termination "nonscitis won by resignation"]

1. d4 Nf6 2. c4 e6 3. Nc3 Bb4 4.
e3 O-O 5. Bd3 c5 6. Nf3 cxd4 7.
exd4 d5 8. O-O dxc4 9. Bxc4 Nc6 10. Bg5 Be7 11. a3 b6 12. Bxf6 Bxf6 13. d5 exd5 14.
Bxd5 Bb7 15. Qa4 Bxc3 16. Rad1 Bxb2 17. Bxc6 Bxc6 18. Qxc6 Qc8 19. Qa4 Qc3 20. Rb1 Qxa3 21. Qc2 Bf6 22. Rb3 Qa4 23. Rfb1 Rac8 24. Qe2 Rfe8 25.
Qf1 Qc4 26. Ra3 Qxf1+ 27. Kxf1 Rc7 28. g3 h6 29. Ra4 Rc2 30. Ng1 Re7 31. Rb3 Rd7 32.
Rba3 Rdd2 33. Nh3 a5 34. Rb3 Bd4 35. Kg1 Bxf2+ 36. Nxf2 Rxf2 37. Rxb6 Rg2+ 38. Kf1 Rxh2 39. Kg1 Rhg2+ 40. Kh1 Ra2 41. Re4 Rgb2 42. Rxb2 Rxb2 43.
Ra4 Rb5 44. Kg2 Kh7 45. Kf3 Kg6 46. Kg2 f5 47. Kf3 Kg5 48. Kg2 g6 49. Kf3 h5 50. Kg2 Kf6 51. Kf3 g5 52. Kg2 Ke6 53. Kf3 Kd6 54. Kg2 Kc6 55. Kf3 Rb3+ 56. Kg2 Kb5 57. Rd4 Rc3 58. Kf2 a4 59. Rd8 a3 60.
Rb8+ Ka4 61. Ra8+ Kb3 62. Rb8+ Kc2 63. Ra8 Kb2 64. Rb8+ Rb3 65. Rf8 a2 0-1

[Event "*** Titled Tuesday 3|2 Blitz (Late)"]
[Site "Chess.com"]
[Date "2016.11.01"]
[Round "2"]
[White "Abrito99"]
[Black "Quiet_Desperation"]
[Result "1-0"]
[WhiteElo "2356"]
[BlackElo "2301"]
[TimeControl "180+2"]
[EndTime "17:22:31 PDT"]
[Termination "Abrito99 won by checkmate"]

1. e4 e6 2. Nf3 d5 3. Nc3 Nf6 4. e5 Nfd7 5. d4 c5 6. dxc5 Nc6 7. Bf4 Nxc5 8. Bd3 Be7 9. h4 Nxd3+ 10. cxd3 Bd7 11. h5 Qb6 12. Qe2 h6 13. Kf1 Nd4 14. Nxd4 Qxd4 15. Qf3 Bg5 16. Bxg5 hxg5 17. Qg3 O-O-O 18. Rh3 f6 19. Rc1 Kb8 20. exf6+ Ka8 21. fxg7 Qxg7 22. Qc7 Rc8 23. Qd6 Rc6 24. Qb4 Rhc8 25. Re1 g4 26. Rg3 Qh7 27. Qxg4 d4 28. Ne4 Rc1 29. Qg5 Rxe1+ 30. Kxe1 Bc6 31. Nd6 Rb8 32.
h6 Qc7 33. Qe5 Qb6 34. Nc4 Qb4+ 35. Ke2 Bb5 36. h7 Bxc4 37. Qxb8+ Kxb8 38. h8=Q+ Kc7 39. Qe5+ Kc6 40. dxc4 Qxc4+ 41. Kd2 Qb4+ 42. Ke2 Qc4+ 43. Kf3 Qd3+ 44. Kf4 Qd2+ 45. Kg4 Qxf2 46. Qxe6+ Kc5 47.
Qe5+ Kc4 48. b3+ Kb4 49. Qd6+ Kb5 50. a4+ Ka5 51. Qc5+ Ka6 52. Qb5# 1-0

[Event "*** Titled Tuesday 3|2 Blitz (Late)"]
[Site "Chess.com"]
[Date "2016.11.01"]
[Round "2"]
[White "jposthuma"]
[Black "Jahonas"]
[Result "1-0"]
[WhiteElo "2183"]
[BlackElo "2167"]
[TimeControl "180+2"]
[EndTime "17:22:34 PDT"]
[Termination "jposthuma won by resignation"]

1. d4 d5 2. Nf3 Nf6 3. Bf4 Nbd7 4.
e3 e6 5. Bd3 Bd6 6. Bg3 Qe7 7.
Nbd2 e5 8. dxe5 Nxe5 9. Nxe5 Bxe5 10. Bxe5 Qxe5 11. c3 O-O 12. Qc2 c5 13. O-O c4 14. Be2 Bf5 15. Qd1 Rad8 16. Nf3 Qe7 17. Nd4 Be4 18. Bf3 Bd3 19. Re1 g6 20. b4 Ne4 21. Bxe4 dxe4 22. a4 Rd5 23. Ra2 Rh5 24. f4 exf3 25. Qxf3 Re8 26. Rf2 Re5 27. h3 f5 28. g4 Rxe3 29. Rxe3 Qxe3 30. gxf5 Qc1+ 31.
Kh2 Be4 32. Qf4 Qh1+ 33. Kg3 Qg1+ 34. Kh4 Re5 35. Qxe5 Qxf2+ 36. Kg5 Bxf5 37. Nxf5 Qxf5+ 38. Qxf5 gxf5 39. Kxf5 Kf7 40. h4 b6 41. b5 Kg7 42.
Kg5 h6+ 43. Kf5 Kf7 44. h5 Kg7 45. Ke6 Kg8 46. Kf6 Kh7 47. Kf7 Kh8 48. Kg6 Kg8 49.
Kxh6 Kh8 50. Kg6 Kg8 51. h6 Kh8 52. h7 1-0

[Event "*** Titled Tuesday 3|2 Blitz (Late)"]
[Site "Chess.com"]
[Date "2016.11.01"]
[Round "2"]
[White "KyronGriffith"]
[Black "Aygehovit1992"]
[Result "0-1"]
[WhiteElo "2297"]
[BlackElo "2434"]
[TimeControl "180+2"]
[EndTime "17:22:38 PDT"]
[Termination "Aygehovit1992 won by resignation"]

1. e4 d6 2. d4 g6 3. Nc3 a6 4.
Bg5 Bg7 5. f4 b5 6. Nf3 Bb7 7.
Bd3 h6 8. Bh4 Nf6 9. Qe2 b4 10.
Nd1 O-O 11. O-O c5 12. c3 bxc3 13. bxc3 cxd4 14. cxd4 Nc6 15. Rb1 Rb8 16. Nc3 Nh5 17. Nd5 Nxd4 18. Nxd4 Bxd4+ 19. Kh1 Bxd5 20. exd5 Rxb1 21.
Rxb1 Nxf4 22. Qe4 Nxd3 23. Qxd3 Be5 24. Qxa6 g5 25. Bf2 Qa8 26. Qc4 Rc8 27. Qg4 Rc2 28. Bg3 Qxd5 29. Bxe5 dxe5 30. a4 Rc4 31. Qh5 Kg7 32.
Ra1 Qd4 33. Rf1 Qf4 34. Re1 Rxa4 35. Qe2 f6 36. Rf1 Qc4 37. Qf2 e4 38. Re1 Ra2 39.
Qg3 Qc2 40. h4 Qd3 41. Qg4 Ra4 42. h5 Qd5 43. Qg3 Rd4 44. Qa3 Qd6 45. Qa8 e3 46.
Qf3 Rh4+ 47. Kg1 Qh2+ 48. Kf1 Rf4 0-1

[Event "*** Titled Tuesday 3|2 Blitz (Late)"]
[Site "Chess.com"]
[Date "2016.11.01"]
[Round "2"]
[White "Alliswell998"]
[Black "jcgs1030"]
[Result "0-1"]
[WhiteElo "2159"]
[BlackElo "2231"]
[TimeControl "180+2"]
[EndTime "17:22:45 PDT"]
[Termination "jcgs1030 won by resignation"]

1. e4 c5 2. Nf3 d6 3. d4 cxd4 4.
Nxd4 Nf6 5. Nc3 g6 6. Be3 Bg7 7.
f3 O-O 8. Qd2 Nc6 9. Bc4 Bd7 10.
h4 Rc8 11. Bb3 h5 12. O-O-O Ne5 13. Bg5 Rc5 14. Kb1 Qa5 15. g4 hxg4 16. h5 Nxh5 17. Bxe7 Rfc8 18. Bxd6 Nc4 19. Bxc4 Rxc4 20. e5 gxf3 21.
Nxf3 Bg4 22. Nd5 Qxd2 23. Nxd2 Rxc2 24. Ne7+ Kh7 25. Nxc8 Bxd1 26. Nxa7 Rxd2 27. Kc1 Bh6 28. Rxd1 Rxd6+ 29. Kc2 Ra6 30. Nb5 Rxa2 31. Nd6 Kg7 32. Nxb7 Ra7 33. Nd6 Bf4 34. Nc4 Rc7 35. Kb3 Ng3 36.
Rd4 g5 37. Kb4 Ne2 38. Re4 Nc1 39. Kb5 Nd3 40. Kb6 Re7 41. b4 Nxb4 42. Nd6 Nd5+ 43.
Kc6 Nc3 44. Nf5+ Kf8 45. Rb4 Rxe5 46. Nd6 Re6 47. Rb8+ Kg7 0-1

[Event "*** Titled Tuesday 3|2 Blitz (Late)"]
[Site "Chess.com"]
[Date "2016.11.01"]
[Round "2"]
[White "nihalsarin"]
[Black "KNVB"]
[Result "0-1"]
[WhiteElo "2499"]
[BlackElo "2598"]
[TimeControl "180+2"]
[EndTime "17:22:46 PDT"]
[Termination "KNVB won by resignation"]

1. d4 d5 2. c4 dxc4 3. e4 Nc6 4. Nf3 Nf6 5. e5 Nd5 6. Bxc4 Bg4 7. Nc3 e6 8. Nxd5 exd5 9. Be2 Bb4+ 10. Kf1 Qd7 11. Be3 h6 12. h3 Be6 13. Rc1 Ba5 14.
Bb5 a6 15. Bxc6 bxc6 16. Qa4 Bb6 17. Qxc6 Qxc6 18. Rxc6 Kd7 19. Rc1 a5 20. Ke2 a4 21.
Ne1 Ra5 22. Nd3 Rb8 23. Bd2 Rb5 24. Bc3 Bf5 25. g4 Bg6 26. f4 Be4 27. Rhd1 f6 28.
f5 fxe5 29. dxe5 d4 30. Nf2 Rxe5 31. Bxd4 Bxd4 32. Rxd4+ Bd5+ 33. Kf1 c6 34. Rxa4 Re3 35. b3 Kd6 36. Ra7 h5 37. Rxg7 hxg4 38. hxg4 Ra8 39. Rg6+ Ke5 40. Rc2 Kf4 41. Nd1 Rd3 42. Rf2+ Kg3 43.
Nb2 Rc3 44. Kg1 Rc1+ 45. Rf1 Rh8 0-1

[Event "*** Titled Tuesday 3|2 Blitz (Late)"]
[Site "Chess.com"]
[Date "2016.11.01"]
[Round "2"]
[White "Noukii"]
[Black "popov_m"]
[Result "0-1"]
[WhiteElo "2654"]
[BlackElo "2278"]
[TimeControl "180+2"]
[EndTime "17:22:46 PDT"]
[Termination "popov_m won by checkmate"]

1. d4 Nf6 2. c4 g6 3. Nc3 Bg7 4. Nf3 d6 5. Bg5 O-O 6. e3 Nbd7 7. Be2 c6 8. O-O h6 9. Bh4 Qc7 10. h3 e5 11. Qc2 Re8 12. Rfd1 Nf8 13. Rac1 Bf5 14.
Qb3 g5 15. Bg3 Ng6 16. c5 dxc5 17. dxe5 Nh5 18. Bh2 Be6 19. Qa3 Bf8 20. Ne4 Bd5 21. Nd6 Bxd6 22. exd6 Qd7 23. Qxc5 Nhf4 24. Bf1 Nxh3+ 25.
gxh3 Bxf3 26. Rd4 Bd5 27. Bg3 Ne5 28. Rxd5 cxd5 29. Qxd5 Nc6 30. Bc4 Rac8 31. a3 Nd8 32.
Qd3 Ne6 33. Rd1 a6 34. Ba2 Red8 35. h4 Rc5 36. Bb1 Nf8 37. hxg5 Rxg5 38. Kg2 Qc6+ 39.
Qe4 Qb6 40. b4 Rxd6 41. Rh1 Rdg6 42. Rh3 Rg7 43. Kh2 h5 44. Qf3 Qc6 45. Be4 Qd7 46. Rxh5 Rxh5+ 47. Qxh5 b5 48. Kg2 Qe6 49. Bd5 Qg6 50. Qf3 Ne6 51. Bb7 Ng5 52. Qc6 Qh5 53.
Qc8+ Kh7 54. Qf5+ Qg6 55. Qg4 Qb6 56. Qc8 Qg6 57. Qg4 Qb6 58. Qf5+ Qg6 59. Qc5 Ne4 60. Qe5 Nxg3 61. fxg3 Qc2+ 62. Kh3 Qd1 63. Be4+ Kh8 64. Qe8+ Rg8 65. Qxf7 Qg4+ 66. Kh2 Qxg3+ 67. Kh1 Qg1# 0-1

[Event "*** Titled Tuesday 3|2 Blitz (Late)"]
[Site "Chess.com"]
[Date "2016.11.01"]
[Round "2"]
[White "psv98"]
[Black "Dlugy"]
[Result "1-0"]
[WhiteElo "2629"]
[BlackElo "2584"]
[TimeControl "180+2"]
[EndTime "17:22:57 PDT"]
[Termination "psv98 won by resignation"]

1. e4 c5 2. Nc3 Nc6 3. Bb5 Nd4 4. Bc4 g6 5. Nge2 Bg7 6. Nxd4 cxd4 7. Qf3 Nf6 8. e5 dxc3 9. exf6 Bxf6 10. dxc3 Qc7 11. Bb3 O-O 12. Bh6 Qe5+ 13. Kf1 Bg7 14. Bxg7 Kxg7 15. Re1 Qf6 16. Qe3 e6 17. h4 h5 18. Rh3 b6 19. Qd4 Ba6+ 20. Kg1 d5 21.
Re5 Kg8 22. Rf3 Qg7 23. Rg3 Qh6 24. Reg5 Kh7 25. Qf6 Rab8 26. a3 Rb7 27. Ba4 b5 28. Bb3 Rd7 29. Kh2 Rg8 30. Bxd5 Rxd5 31. Rxd5 exd5 32.
Qxa6 Qf4 33. Qxa7 Qxh4+ 34. Kg1 Rf8 35. Qd4 Qe7 36. Re3 Qd7 37. Re5 Rd8 38. Qe3 Kg7 39. Re7 Qf5 40. Qe5+ Qxe5 41. Rxe5 Kf6 42. f4 h4 43. Kh2 d4 44. cxd4 Rxd4 45. Rxb5 Rxf4 46. b4 g5 47. a4 g4 48. a5 Rf1 49. Rh5 g3+ 50.
Kh3 Rh1+ 51. Kg4 Rb1 52. Rxh4 Rxb4+ 53. Kxg3 Rc4 54. Rxc4 1-0

[Event "*** Titled Tuesday 3|2 Blitz (Late)"]
[Site "Chess.com"]
[Date "2016.11.01"]
[Round "2"]
[White "chito89"]
[Black "pKiLz5Rn9b"]
[Result "1-0"]
[WhiteElo "2482"]
[BlackElo "2490"]
[TimeControl "180+2"]
[EndTime "17:23:03 PDT"]
[Termination "chito89 won by resignation"]

1. d4 e6 2. c4 Nf6 3. Nf3 b6 4. g3 Bb7 5. Bg2 Be7 6. O-O O-O 7. Bf4 d5 8. Ne5 Na6 9. Nc3 c5 10. cxd5 exd5 11. Rc1 Re8 12. Qa4 Qc8 13. Rfd1 Qe6 14.
Nb5 Qf5 15. a3 Ne4 16. Qc2 Qf6 17. h4 h6 18. Bxe4 dxe4 19. d5 Rad8 20. Qxe4 Bf8 21. Rc3 Re7 22. Re3 Rde8 23. Nxa7 Nc7 24. Nac6 Bxc6 25.
dxc6 g5 26. hxg5 hxg5 27. Ng4 Qxb2 28. Be5 Bg7 29. Nh6+ Kh8 30. Bxb2 Rxe4 31. Rxe4 Rxe4 32. Nxf7+ Kg8 33. Bxg7 Kxf7 34. Rd7+ Re7 35. Be5 Ne6 36. c7 Rxd7 37. c8=Q Ra7 38. Qh8 Nf8 39. Qf6+ Ke8 40. Qc6+ Rd7 41. Qxb6 Kf7 42. Qf6+ Ke8 43. Qxg5 c4 44.
Qh5+ Rf7 45. Qg4 Nd7 46. Qxc4 Nxe5 47. Qb5+ Nd7 48. a4 Re7 49. a5 Re5 50. Qa4 Ke7 51.
a6 Nc5 52. Qa3 1-0

[Event "*** Titled Tuesday 3|2 Blitz (Late)"]
[Site "Chess.com"]
[Date "2016.11.01"]
[Round "2"]
[White "maciek_92"]
[Black "wonderfultime"]
[Result "0-1"]
[WhiteElo "2555"]
[BlackElo "2714"]
[TimeControl "180+2"]
[EndTime "17:23:06 PDT"]
[Termination "wonderfultime won by resignation"]

1. c4 c6 2. Nf3 d5 3. d4 Nf6 4. Nc3 a6 5. Qc2 b5 6. b3 g6 7. e4 Nxe4 8. Nxe4 dxe4 9. Qxe4 Bg7 10. Be2 O-O 11. O-O Bf5 12. Qh4 bxc4 13. Bh6 Bd3 14. Bxd3 cxd3 15. Rad1 Nd7 16. Rxd3 Nf6 17. Rc1 Rc8 18.
Rdc3 Qa5 19. h3 Qxa2 20. Ng5 Rfd8 21. Rxc6 Rxc6 22. Rxc6 Bxh6 23. Qxh6 Qa1+ 24. Kh2 Qxd4 25. Rc2 Qf4+ 26. g3 Qf5 27. Re2 Rd5 28. f4 Qd3 29.
Rg2 Qf1 30. Rc2 Rd8 31. Qh4 Qb1 32. Rg2 Rd1 33. Rf2 Rh1+ 34. Kg2 Rg1+ 35. Kh2 Rh1+ 36. Kg2 Qg1+ 37. Kf3 Rh2 38. g4 Qh1+ 39. Kg3 Rxf2 40. Kxf2 Qh2+ 41. Kf3 Qb2 42. Kg3 Qxb3+ 43. Kg2 Qb7+ 44.
Kg3 a5 45. f5 a4 46. fxg6 hxg6 47. Qh6 a3 48. Kh4 Qa7 49. Nf3 Qf2+ 50. Kg5 Qe3+ 0-1

[Event "*** Titled Tuesday 3|2 Blitz (Late)"]
[Site "Chess.com"]
[Date "2016.11.01"]
[Round "2"]
[White "norwaytoadog"]
[Black "gmshanmeruga"]
[Result "0-1"]
[WhiteElo "1992"]
[BlackElo "2275"]
[TimeControl "180+2"]
[EndTime "17:23:15 PDT"]
[Termination "gmshanmeruga won on time"]

1. e4 e5 2. Nf3 Nc6 3. Nc3 Nf6 4. Bb5 Nd4 5. Ba4 Nxf3+ 6. Qxf3 Bc5 7. O-O O-O 8. d3 h6 9. Bb3 d6 10. Na4 Bb6 11. Nxb6 axb6 12. a3 Bg4 13. Qg3 Kh8 14. h3 Be6 15. Bxe6 fxe6 16. Qh4 Qe8 17. Be3 Qh5 18.
Qxh5 Nxh5 19. h4 Nf4 20. g3 Ng6 21. h5 Ne7 22. f4 exf4 23. Bxf4 e5 24. Be3 Ng8 25.
Kg2 Nf6 26. Rf5 Ng4 27. Bd2 Rxf5 28. exf5 Rf8 29. Rf1 Nf6 30. Rh1 d5 31. Bc3 Re8 32.
Re1 d4 33. Bd2 e4 34. dxe4 Rxe4 35. Rxe4 Nxe4 36. Bf4 c5 37. Kf3 Nf6 38. g4 Kg8 39. Bc7 b5 40. Bd6 b6 41. Bc7 Nd5 42. Bd6 Nf6 43. Bc7 Nd5 44. Bd6 Kf7 45. Ke4 Nf6+ 46. Kf4 Ke8 47. Be5 Ke7 48. g5 hxg5+ 49. Kxg5 Kf7 50. h6 gxh6+ 51. Kxh6 Ng4+ 52. Kg5 Nxe5 53. Kf4 Nc4 54. Ke4 Nxb2 55. Kd5 Nc4 0-1

[Event "*** Titled Tuesday 3|2 Blitz (Late)"]
[Site "Chess.com"]
[Date "2016.11.01"]
[Round "2"]
[White "BellJackson95"]
[Black "Rumpel-VK"]
[Result "0-1"]
[WhiteElo "2249"]
[BlackElo "2467"]
[TimeControl "180+2"]
[EndTime "17:23:21 PDT"]
[Termination "Rumpel-VK won by resignation"]

1. e4 d6 2. d4 Nf6 3. Nc3 e5 4.
Nf3 Nbd7 5. Bc4 Be7 6. O-O O-O 7.
Re1 c6 8. a4 exd4 9. Nxd4 Ne5 10. Ba2 Re8 11. h3 Bd7 12. f4 Ng6 13. Qf3 Qc7 14. Qf2 Rad8 15. Nf5 Bxf5 16. exf5 Nf8 17. g4 d5 18. g5 N6d7 19. Be3 b6 20. Rad1 Bc5 21.
Bxc5 Nxc5 22. Bxd5 cxd5 23. Nxd5 Rxe1+ 24. Qxe1 Rxd5 25. Rxd5 Qxf4 26. Qe5 Qxg5+ 27. Kh2 Ncd7 28. Qg3 Qc1 29. Qc7 Qxb2 30. Qc8 Nf6 31. Rd8 Qb4 32. Qc7 h5 33. Ra8 Nd5 34. Qg3 Qd2+ 35. Qg2 Qf4+ 36. Qg3 Qxf5 37. Rxa7 Qxc2+ 38. Qg2 Qf5 39. Qg3 Ne6 40.
a5 bxa5 41. Rxa5 Kh7 42. Ra2 g6 43. Rf2 Ndf4 44. h4 Qe4 45. Rf1 Kg8 46. Rf2 Qd4 47. Rf1 Nd5 48. Qb8+ Kg7 49. Qg3 Ne3 50. Rf3 Ng4+ 51.
Kh1 Qd1+ 52. Kg2 Qe2+ 53. Kg1 Nd4 54. Rf1 Nf5 55. Qf4 Nge3 56. Rf2 Qe1+ 57. Kh2 Qxf2+ 58. Qxf2 Ng4+ 59. Kg2 Nxf2 60. Kxf2 Nxh4 0-1

[Event "*** Titled Tuesday 3|2 Blitz (Late)"]
[Site "Chess.com"]
[Date "2016.11.01"]
[Round "2"]
[White "chessking2151"]
[Black "KingFlorida"]
[Result "1-0"]
[WhiteElo "2335"]
[BlackElo "2301"]
[TimeControl "180+2"]
[EndTime "17:23:32 PDT"]
[Termination "chessking2151 won on time"]

1. e4 Nf6 2. e5 Nd5 3. d4 d6 4. c4 Nb6 5. exd6 exd6 6. Nc3 Be7 7.
Be3 O-O 8. Be2 Re8 9. Nf3 Bg4 10.
b3 d5 11. c5 Nc8 12. O-O c6 13. h3 Bh5 14. Re1 Nd7 15. b4 Nf6 16. Ne5 Bxe2 17. Rxe2 Ne4 18. Qc2 Nxc3 19. Qxc3 Bf6 20. Nf3 a5 21. a3 Na7 22. Rae1 Nb5 23. Qb2 axb4 24. axb4 Qd7 25. Bf4 Rxe2 26. Rxe2 Re8 27. Be5 Bxe5 28. Nxe5 Qe6 29. Re3 f6 30. Nf3 Qd7 31. Qe2 Rxe3 32. Qxe3 Kf7 33. Qf4 Qe8 34. Kh2 Kg8 35. g4 Qe7 36. h4 Nc3 37. g5 Ne4 38. gxf6 gxf6 39. h5 Qf7 40. Qg4+ Kf8 41. h6 Qc7+ 42. Kg2 Qf7 43.
Qc8+ Qe8 44. Qxb7 Qg6+ 45. Kf1 Qxh6 46. Qxc6 Qc1+ 47. Kg2 Qf4 48. Qc8+ Kg7 49. Qh3 Qc1 50. Qg4+ Kf7 51. b5 Qb2 52. Qh4 Qxb5 53. Qxh7+ Ke6 54. Qh3+ Ke7 55. Qh7+ Kf8 56. Qf5 Qd7 57. Qxd7 1-0

[Event "*** Titled Tuesday 3|2 Blitz (Late)"]
[Site "Chess.com"]
[Date "2016.11.01"]
[Round "2"]
[White "hermionegrangermagic"]
[Black "LawrenceTrent"]
[Result "1-0"]
[WhiteElo "2244"]
[BlackElo "2455"]
[TimeControl "180+2"]
[EndTime "17:23:41 PDT"]
[Termination "hermionegrangermagic won by resignation"]

1. e4 c5 2. Nf3 d6 3. d4 cxd4 4.
Nxd4 Nf6 5. Nc3 g6 6. Be3 Bg7 7. f3 O-O 8. Qd2 Nc6 9. O-O-O d5 10. Kb1 Rb8 11. Ndb5 a6 12. Na7 e6 13. g4 d4 14.
Nxc6 bxc6 15. Bxd4 Qa5 16. Qf4 Qb4 17. b3 Nh5 18.
Qe3 Nf4 19. Bxg7 Kxg7 20. Qxf4 f6 21. Qe3 e5 22. h4 a5 23. g5 a4 24. gxf6+ Rxf6 25. h5 axb3 26. cxb3 Be6 27. hxg6 Rxg6 28. Ne2 Qa3 29.
Nc1 c5 30. Bh3 Bg8 31. Rd7+ Kh8 32. Qc3 Re8 33. Bf5 Rg7 34. Rxg7 Kxg7 35. Qd2 c4 36. Bxh7 c3 37. Qg2+ Kf6 38. Bf5 Bf7 39. Qc2 Qc5 40. Ne2 Rg8 41. Nxc3 Rg3 42. Qd2 Rxf3 43. Nd5+ Bxd5 44.
Qh6+ Ke7 45. Qg5+ Kd6 46. Qd8+ Kc6 47. Rc1 Qxc1+ 48. Kxc1 Bf7 49. Qd7+ Kc5 50. Qxf7 Kd4 51. Qd5+ Kc3 52. Qc5+ Kd3 53. Kb2 Re3 54. a4 Re2+ 55. Ka3 Re1 56. Qc4+ Kd2 57. Qb4+ Ke2 58. Qxe1+ 1-0

[Event "*** Titled Tuesday 3|2 Blitz (Late)"]
[Site "Chess.com"]
[Date "2016.11.01"]
[Round "2"]
[White "Alexander_Moskalenko"]
[Black "GrigorGrigorov"]
[Result "1/2-1/2"]
[WhiteElo "2657"]
[BlackElo "2579"]
[TimeControl "180+2"]
[EndTime "17:24:05 PDT"]
[Termination "Game drawn - insufficient material"]

1. d4 Nf6 2. Bf4 e6 3. Nf3 d5 4. e3 Bd6 5. Bg3 O-O 6. Nbd2 b6 7. c3 Bb7 8. Bd3 c5 9. Ne5 Nc6 10. O-O Rc8 11. Qe2 Ne7 12. f4 Ne4 13. Rad1 f6 14.
Nxe4 dxe4 15. Bb1 Qc7 16. dxc5 Bxc5 17. Nd7 Rfd8 18. b4 Bd6 19. Nxf6+ gxf6 20. Qg4+ Kf7 21.
Qh5+ Kg7 22. Qg4+ Ng6 23. Qxe6 Qe7 24. Qg4 Kh8 25. Rc1 Ba6 26. Rfd1 Bb8 27. h4 Bd3 28. h5 Nf8 29. Bh4 Bxb1 30. Rxb1 Rxc3 31. Qf5 Rc6 32.
Rxd8 Qxd8 33. Qxe4 Re6 34. Qf5 Kg8 35. Kh2 Kf7 36. Rb3 Qd7 37. Rd3 Rd6 38. Qxd7+ Nxd7 39. Rc3 Rd5 40. g4 Bd6 41. Kg3 Bxb4 42. Rc7 Rd3 43.
Kf3 Bc5 44. Bf2 Ke6 45. Rxa7 Ra3 46. Rxa3 Bxa3 47. e4 Bc5 48. Be1 Nb8 49. e5 fxe5 50. f5+ Kd5 51. g5 Nc6 52. g6 hxg6 53. fxg6 e4+ 54.
Kg4 Bf8 55. Bd2 Kd4 56. h6 Ne5+ 57. Kf5 Nxg6 58. Kxg6 Bxh6 59. Kxh6 e3 60. Be1 b5 61. Kg5 Kc4 62. a3 e2 63. Kf4 Kb3 64. Bb4 e1=Q 65. Bxe1 Kxa3 66. Ke4 b4 67. Kd3 b3 68. Bc3 b2 69.
Bxb2+ 1/2-1/2

[Event "*** Titled Tuesday 3|2 Blitz (Late)"]
[Site "Chess.com"]
[Date "2016.11.01"]
[Round "2"]
[White "Izoria123"]
[Black "GM_Barcenilla"]
[Result "1-0"]
[WhiteElo "2570"]
[BlackElo "2682"]
[TimeControl "180+2"]
[EndTime "17:24:23 PDT"]
[Termination "Izoria123 won by resignation"]

1. Nf3 g6 2. e4 Bg7 3. d4 d6 4.
Bc4 c6 5. Bb3 Nf6 6. Qe2 O-O 7.
O-O a5 8. a4 Na6 9. c3 Nc7 10.
Re1 Be6 11. Bc2 h6 12. Nbd2 b5 13. Bd3 Qb8 14. h3 b4 15. c4 Nh5 16. Nb3 Qc8 17.
Be3 Nf6 18. Rad1 Bd7 19. e5 Nh7 20. Bf4 Re8 21. exd6 exd6 22. Qd2 c5 23. Rxe8+ Nxe8 24. Ra1 Ng5 25. Nxg5 hxg5 26. Bxg5 cxd4 27. Bf1 Nf6 28. f3 d3 29. Qxd3 Qc7 30. Bf4 Ne8 31. Kh1 Bxb2 32. Ra2 Be5 33. Bxe5 dxe5 34. Qe3 Be6 35. Nc5 Ng7 36.
g4 Rc8 37. Nb3 Qd8 38. Rd2 Qe8 39. Nxa5 Qxa4 40. Nb3 Bxc4 41. Nc5 Qb5 42. Bxc4 Qxc4 43. Ne4 Qc1+ 44. Kh2 Rc2 45. Kg3 Rxd2 46. Nxd2 Ne6 47. Qf2 Nf4 48. Ne4 b3 49. Qb6 Qe1+ 50. Kh2 Qe2+ 51.
Kg3 Qe1+ 52. Kh2 Kh7 53. Qa7 Qe2+ 54. Kg3 Qe1+ 55. Kh2 Qe2+ 56. Kg3 Qc4 57. Qe7 Qe6 58. Ng5+ Kg7 59. Nxe6+ Nxe6 60. Qb7 Nd4 61. Qb8 Kf6 62. f4 Ne2+ 63. Kf3 Nxf4 64. g5+ Kf5 65. h4 e4+ 66.
Kg3 Ne2+ 67. Kf2 Nd4 68. Qb6 Nf3 69. Qf6+ Kg4 70. Qxf7 b2 71. Qb3 Kxh4 72. Qxb2 Nxg5 73.
Qe5 Kg4 74. Qb8 Nh3+ 75. Ke3 Ng5 76. Qe5 Kh4 77. Qf4+ Kh5 78. Qg3 1-0

[Event "*** Titled Tuesday 3|2 Blitz (Late)"]
[Site "Chess.com"]
[Date "2016.11.01"]
[Round "2"]
[White "NTBT_DHS"]
[Black "pedromartinez91"]
[Result "1-0"]
[WhiteElo "2501"]
[BlackElo "2297"]
[TimeControl "180+2"]
[EndTime "17:24:54 PDT"]
[Termination "NTBT_DHS won by checkmate"]

1. d4 d5 2. c4 e6 3. Nf3 Be7 4. g3 Nf6 5. Bg2 dxc4 6. O-O O-O 7. Qc2 a6 8. Qxc4 b5 9. Qc2 Bb7 10. Bd2 Be4 11. Qc1 c6 12. Rd1 Nbd7 13. Be3 Nd5 14. Nc3 Bg6 15. Bg5 N7f6 16. Ne5 Rc8 17. Nxg6 hxg6 18.
e4 Nxc3 19. bxc3 Qc7 20. a4 Ra8 21. c4 b4 22. e5 Nh7 23. Bxe7 Qxe7 24. Bxc6 Rac8 25.
Bg2 a5 26. Qc2 Rfd8 27. Qb3 Rd7 28. Rac1 Rcd8 29. Qe3 Rc7 30. d5 Qe8 31. d6 Rcc8 32. Qb3 Nf8 33. c5 Nd7 34. Qe3 Nb8 35. Bb7 Qxa4 36. Bxc8 Rxc8 37. Qd4 Qc6 38. Ra1 Qb5 39. Qd3 Qxc5 40. Rac1 Qxc1 41. Rxc1 Rxc1+ 42. Kg2 Nd7 43.
Qb5 Nf8 44. Qxa5 b3 45. Qb5 Re1 46. Qxb3 Rxe5 47. Qb8 Rd5 48. Qd8 g5 49. Kf3 g6 50.
Qe7 Kg7 51. h4 gxh4 52. gxh4 e5 53. Ke4 Rd2 54. Qxe5+ Kg8 55. Ke3 Rd1 56. Ke2 Rb1 57. Qd5 Rb8 58. h5 Ne6 59. Kf3 Rb4 60. hxg6 Rf4+ 61.
Kg3 Rd4 62. gxf7+ Kf8 63. Qf5 Ng7 64. Qg6 Rxd6 65. Qxd6+ Kxf7 66. Qc6 Nf5+ 67. Kf4 Ne7 68. Qd7 Kf6 69. Qd6+ Kf7 70. Kg5 Ng8 71. Qd7+ Kf8 72. f4 Ne7 73. f5 Ng8 74. f6 Nh6 75. Qe7+ Kg8 76. Qg7# 1-0

[Event "*** Titled Tuesday 3|2 Blitz (Late)"]
[Site "Chess.com"]
[Date "2016.11.01"]
[Round "2"]
[White "dretch"]
[Black "Rozum_Ivan"]
[Result "1/2-1/2"]
[WhiteElo "2635"]
[BlackElo "2588"]
[TimeControl "180+2"]
[EndTime "17:25:13 PDT"]
[Termination "Game drawn by agreement"]

1. d4 Nf6 2. c4 e6 3. Nc3 d5 4.
cxd5 exd5 5. Bg5 c6 6. e3 Bf5 7. Qf3 Bg6 8. Bxf6 Qxf6 9. Qxf6 gxf6 10. Nf3 Nd7 11. Nh4 Be7 12. Ne2 f5 13. Nf3 Bb4+ 14. Nc3 Bd6 15. Bd3 Nf6 16. g3 Ne4 17. Nh4 Be7 18. Ng2 Kf8 19. h4 h6 20. Nf4 Kg7 21. Nce2 a5 22. a3 Rhd8 23. Rg1 Rac8 24. Rd1 Bf6 25. Kf1 h5 26. Kg2 c5 27. f3 cxd4 28. Nxd4 Bxd4 29. exd4 Nd6 30. Rge1 Nc4 31. Re2 Kf6 32. Kf2 Rd6 33. Rc1 Nb6 34. Rc5 a4 35. Rb5 Rcd8 36. Rc2 R8d7 37. Rcc5 Kg7 38.
Ke2 f6 39. Nxg6 Kxg6 40. g4 hxg4 41. fxg4 Kg7 42. Bxf5 Re7+ 43. Kf2 Nc4 44. Rxd5 Rxd5 45. Rxd5 Nxb2 46. Ra5 Nd1+ 47. Kg3 Re3+ 48. Kf4 Rxa3 49. Ra7 Rb3 50. Rxa4 Nc3 51. Ra5 Ne2+ 52. Ke4 Rb4 53.
Rc5 Nxd4 54. Rc7+ Kf8 55. Kd5 Nxf5 56. gxf5 Rxh4 57. Ke6 Kg8 58. Rxb7 Ra4 59. Rb6 Kg7 60. Rb7+ Kg8 61. Kxf6 Ra6+ 62. Ke7 Kg7 63. Rc7 Rf6 64.
Rc5 Ra6 65. Rb5 Ra7+ 66. Ke6 Ra6+ 67. Ke5 Kf7 68. Rb7+ Kf8 69. Kf4 Rc6 70. Kg5 Ra6 71. Rb8+ Kf7 72. Rb2 Rc6 73. Rh2 Ra6 74. Rh7+ Kg8 75. Rc7 Kf8 76. Rb7 Rc6 77. Kf4 Ra6 78.
Ke5 Ra5+ 79. Kf6 Ra6+ 80. Kg5 Rc6 81. Ra7 Rb6 82. f6 Rb1 83. Ra8+ Kf7 84. Ra7+ Kf8 85.
Kg6 Rg1+ 86. Kf5 1/2-1/2